 Dungeon Crawl Stone Soup version 0.31-a0-187-gba352fbbf7 (webtiles) character file.

Game seed: 2355657479653926025

634 innerfire43 the Trooper (level 7, 0/55 HPs)
             Began as a Demonspawn Monk on June 22, 2023.
             Was a Believer of Cheibriados.
             Killed by nerve-wracking pain
             ... invoked by Menkaure
              (12 damage)
             ... on level 5 of the Dungeon.
             The game lasted 00:06:01 (4138 turns).

innerfire43 the Trooper (Demonspawn Monk)           Turns: 4138, Time: 00:06:02

Health: 0/55       AC: 22    Str: 20    XL:     7   Next: 25%
Magic:  7/7        EV: 10    Int: 17    God:    Cheibriados [**....]
Gold:   234        SH:  0    Dex: 21    Spells: 6/6 levels left

rFire   . . .        o - +1 hand axe (venom)
rCold   . . .        (no shield)
rNeg    . . .        m - +0 chain mail
rPois   .            (no helmet)
rElec   .            h - +0 cloak
rCorr   +            (no gloves)
SInv    +            (no boots)
Will    .....        (no amulet) Stlth
                     k - ring of resist corrosion
HPRegen 0.29/turn    r - ring of see invisible
MPRegen 0.20/turn

%: no passive effects
@: confused, ambrosia-drunk, sanguine armoured, very slow
A: magic regeneration, sanguine armour 3
a: Renounce Religion, Bend Time


You were on level 5 of the Dungeon.
You worshipped Cheibriados.
Cheibriados was pleased with you.
You visited 2 branches of the dungeon, and saw 6 of its levels.

You collected 234 gold pieces.

Inventory:

Hand Weapons
 a - a +0 hand axe
 f - a +0 hand axe of freezing
 g - a +4 quarterstaff of chaos
 o - a +1 hand axe of venom (weapon)
Armour
 b - a +0 robe
 d - an orb of light
 h - a +0 cloak (worn)
 m - a +0 chain mail (worn)
Jewellery
 k - a ring of resist corrosion (left hand)
 r - a ring of see invisible (right hand)
Scrolls
 e - 2 scrolls of noise
 l - a scroll of amnesia
 p - a scroll of fog
 q - 3 scrolls of vulnerability {unknown}
 u - 2 scrolls of revelation
Potions
 c - a potion of ambrosia
 i - a potion of berserk rage
 j - a potion of brilliance
 n - a potion of cancellation
 t - 2 potions of invisibility


   Skills:
 + Level 4.7 Fighting
 - Level 4.2 Axes
 * Level 2.1 Staves
 + Level 3.1 Armour
 * Level 4.3 Dodging


You had 6 spell levels left.
You didn't know any spells.
Your spell library contained the following spells:

 Spells                   Type           Power      Damage    Failure   Level
 Magic Dart               Conj           0%         1d3       88%         1
 Cigotuvi's Dreadful Rot  Necr/Pois/Air  0%         N/A       95%         2
 Searing Ray              Conj           0%         2d4       95%         2
 Ignite Poison            Fire/Tmut/Pois 0%         N/A       99%         3
 Fulminant Prism          Conj/Hex       0%         3d5       100%        4
 Freezing Cloud           Conj/Ice/Air   0%         6-21      100%        5


Dungeon Overview and Level Annotations

Branches:
Dungeon (5/15)             Temple (1/1) D:4

Altars:
Ashenzari
Cheibriados
Dithmenos
Fedhas
Kikubaaqudgha
Makhleb
Nemelex Xobeh
Okawaru
Qazlal
Ru
Sif Muna
Uskayaw
Vehumet
Wu Jian
Xom

Shops:
D:1 [:*?(

Annotations:
D:5 Blork the orc, Menkaure


Innate Abilities, Weirdness & Mutations

You regenerate magic rapidly.
When seriously injured, your blood forms very thick armour. (AC +12)


Message History

Menkaure calls on the powers of darkness!
Your body is wracked with pain!
* * * LOW HITPOINT WARNING * * *
You completely miss Menkaure.
Menkaure is severely damaged.
Menkaure closely misses you.
You hit Menkaure.
Menkaure is severely damaged.
Menkaure hits you but does no damage.
Blork the orc comes into view.
He is wielding a +0 trident and wearing a +0 robe of resistance.
You hit Menkaure.
Menkaure is almost destroyed.
Menkaure closely misses you. x2
You completely miss Menkaure.
Menkaure is almost destroyed.
Menkaure hits you.
* * * LOW HITPOINT WARNING * * *
You closely miss Menkaure.
Menkaure is almost destroyed.
Blork the orc gestures wildly while chanting.
Blork the orc seems to speed up.
Menkaure calls on the powers of darkness!
Your body is wracked with pain!
* * * LOW HITPOINT WARNING * * *
Blork the orc convulses!
You are confused.
You feel invigorated.
Blork the orc screams, "I'll crush all your ribs!
One by one!"
Menkaure hits you!
* * * LOW HITPOINT WARNING * * *
Menkaure hits you.
* * * LOW HITPOINT WARNING * * *
Menkaure hits you but does no damage.
Blork the orc hits you but does no damage.
You closely miss Menkaure. Your punch misses Menkaure.
Menkaure is almost destroyed.
Blork the orc barely misses you.
Menkaure gestures at you while chanting.
Pain shoots through your body!
You die...

#..........##..##..##..
#..........#...........
#..........#...........
#####......#...........
#..##......#(..........
.##...>......#...........
<............#...........
..(..........#.........[.
........@....#...........
.###+##=M....# #.o....#
.......# ........#
.........# ..........#
...........#


You could see Blork the orc (fast) and Menkaure (fast).

Vanquished Creatures
  Grinder (D:4)
  2 scorpions (D:4)
  2 hounds
  A sleepcap (D:4)
  Crazy Yiuf (D:3)
  An orc wizard (D:3)
  8 adders
  An ufetubus (D:5)
  3 worms
  6 dart slugs
  9 orcs
  9 ball pythons
  4 bats
  3 endoplasms (D:2)
  8 giant cockroaches
  7 goblins
  7 hobgoblins
  6 jackals
  3 quokkas
  2 frilled lizards (D:3)
  6 kobolds
  5 rats
95 creatures vanquished.

Notes
Turn   | Place    | Note
-------+----------+-------------------------------------------
     0 | D:1      | innerfire43 the Demonspawn Monk began the quest for the
                  | Orb.
     0 | D:1      | Reached XP level 1. HP: 18/18 MP: 1/1
    76 | D:1      | Found Kefedic's Weapon Shoppe.
   181 | D:1      | Noticed a walking crystal tome
   182 | D:1      | Found Teugeenk's Book Shoppe.
   182 | D:1      | Noticed a walking divine tome
   211 | D:1      | Found Lioneof's Magic Scroll Boutique.
   224 | D:1      | Gained mutation: When seriously injured, your blood forms
                  | armour. (AC +12) [demonic ancestry]
   224 | D:1      | Reached XP level 2. HP: 23/24 MP: 2/2
   231 | D:1      | Found Weabap's General Store.
   262 | D:1      | Found Pimmahit's Armour Emporium.
   660 | D:2      | Gained mutation: When seriously injured, your blood forms
                  | thick armour. (AC +12) [demonic ancestry]
   660 | D:2      | Reached XP level 3. HP: 29/29 MP: 3/3
  1575 | D:3      | Gained mutation: You regenerate magic rapidly. [demonic
                  | ancestry]
  1575 | D:3      | Reached XP level 4. HP: 33/35 MP: 4/4
  1924 | D:3      | Reached XP level 5. HP: 37/42 MP: 5/5
  2017 | D:3      | Found a runed translucent door.
  2018 | D:3      | Noticed Crazy Yiuf
  2333 | D:3      | Identified the +6 whip "Robiwo" {heavy, Will+ rCorr Dex-5
                  | SInv}
  2575 | D:3      | Killed Crazy Yiuf
  2576 | D:3      | Reached skill level 1 in Armour
  2759 | D:4      | Found a staircase to the Ecumenical Temple.
  2800 | Temple   | Entered the Ecumenical Temple
  2843 | Temple   | Became a worshipper of Cheibriados the Contemplative
  2843 | Temple   | Reached * piety under Cheibriados
  2843 | Temple   | Reached ** piety under Cheibriados
  3440 | D:4      | Reached skill level 1 in Staves
  3440 | D:4      | Reached XP level 6. HP: 46/48 MP: 6/6
  3768 | D:4      | Found the +6 arbalest "Damnation" {damnation}
  3773 | D:4      | Noticed Grinder
  3781 | D:4      | Paralysed by Grinder for 2 turns
  3790 | D:4      | Killed Grinder
  3791 | D:4      | Gained mutation: When seriously injured, your blood forms
                  | very thick armour. (AC +12) [demonic ancestry]
  3791 | D:4      | Reached XP level 7. HP: 55/55 MP: 7/7
  4058 | D:5      | Entered Level 5 of the Dungeon
  4119 | D:5      | Noticed Menkaure
  4132 | D:5      | Noticed Blork the orc
  4136 | D:5      | HP: 2/55 [Menkaure (7)]
  4138 | D:5      | Killed from afar by Menkaure

Illustrated notes

Levels and vault maps discovered:
D:1:      dpeg_arrival_shelter, layout_loops_ring, serial_shops, shop, shop,
          nicolae_shop_statue_plus, nicolae_shop_back_alley_shop,
          nicolae_shop_mannequins, chequers_serial_rivers_room_b
D:2:      layout_basic, minmay_fractal_squares_5
D:3:      layout_loops_cross, chequers_serial_rivers_micro_c,
          grunt_ministairs_10, nicolae_half_adder, uniq_crazy_yiuf_cottage
D:4:      minmay_general_purpose_star, layout_loops_ring,
          minmay_temple_entry_tees, kennysheep_another_room, kennysheep_potato,
          uniq_grinder
D:5:      layout_gridville, uniq_blork_the_orc, uniq_ijyb, uniq_sigmund,
          uniq_edmund, uniq_pikel, uniq_menkaure
Temple:   bh_familiar_temple

Skill      XL: |  1  2  3  4  5  6  7 |
---------------+----------------------+-----
Axes           | 3 4 |  4.2
Dodging        | 3 4 |  4.3
Armour         | 1 2 3 |  3.1
Fighting       | 4 |  4.7
Staves         | 1 2 |  2.1

Action                     |  1- 3 |  4- 6 |  7- 9 || total
---------------------------+-------+-------+-------++-------
  Melee: Hand axe          |    86 |   137 |    49 ||   272
         Quarterstaff      |       |     9 |       ||     9
    Use: Scroll            |       |     6 |     3 ||     9
         Potion            |       |     2 |     2 ||     4
 Armour: Robe              |     7 |       |       ||     7
         Chain mail        |    19 |    72 |    22 ||   113
  Dodge: Dodged            |    45 |    67 |    33 ||   145

Table legend: (Time is in decaauts)
 A = Elapsed time spent in this place.
 B = Non-inter-level travel time spent in this place.
 C = Inter-level travel time spent in this place.
 D = Time resting spent in this place.
 E = Time spent auto-exploring this place.
 F = Levels seen in this place.
 G = Mean time per level.
                   A        B        C        D        E       F      G
               +--------+--------+--------+--------+--------+-----+--------+
         Total |   4596 |   4531 |     65 |      0 |   3582 |   6 |  766.0 |
       Dungeon |   4352 |   4287 |     65 |      0 |   3393 |   5 |  870.4 |
        Temple |    244 |    244 |      0 |      0 |    188 |   1 |  244.0 |
               +--------+--------+--------+--------+--------+-----+--------+

Top non-repeatable levels by time:
     D:4: 1521 daAuts
     D:3: 1193 daAuts
     D:2: 1006 daAuts
     D:1: 535 daAuts
  Temple: 244 daAuts
     D:5: 95 daAuts
